 Seeded DCSS version 0.31-a0-66-ge618eeaa78 (webtiles) character file.

Game seed: 6351066067085065685 (custom seed)

46 Esekla the Sneak (level 3, -7/26 HPs)
             Began as an Octopode Delver on May 22, 2023.
             Mangled by an iguana (14 damage)
             ... on level 6 of the Dungeon.
             The game lasted 00:04:05 (529 turns).

Esekla the Sneak (Octopode Delver)                   Turns: 529, Time: 00:04:06

Health: -7/26      AC:  1    Str: 11    XL:     3   Next: 66%
Magic:  3/3        EV: 13    Int: 14    God:
Gold:   29         SH:  0    Dex: 13    Spells: 2/2 levels left

rFire   . . .        a - +0 falchion
rCold   . . .        (no shield)
rNeg    . . .        (helmet restricted)
rPois   .            (no amulet)
rElec   .            (no ring)
rCorr   .            (no ring)
SInv    .            (no ring)
Will    .....        (no ring)
Stlth   +++++        (no ring)
HPRegen 0.24/turn    (no ring)
MPRegen 0.08/turn    (no ring)
                     (no ring)

%: no passive effects
@: no status effects
A: almost no armour, amphibious, 8 rings, camouflage 1, gelatinous body 1,
(nimble swimmer 1), tentacles
a: no special abilities


You were on level 6 of the Dungeon.
You visited 1 branch of the dungeon, and saw 2 of its levels.

You collected 29 gold pieces.

Inventory:

Hand Weapons
 a - a +0 falchion (weapon)
Missiles
 h - 2 boomerangs (quivered)
Wands
 f - a wand of digging (3)
Scrolls
 b - a scroll of fog
 c - a scroll of magic mapping
 i - 4 scrolls of identify {unknown}
 j - a scroll of amnesia {unknown}
Potions
 d - 2 potions of enlightenment {unknown}
 g - a potion of attraction {unknown}
 k - 2 potions of curing {unknown}


   Skills:
 * Level 3.2 Fighting
 * Level 2.1 Long Blades
 * Level 2.1 Dodging
 + Level 7.8 Stealth


You had 2 spell levels left.
You didn't know any spells.
Your spell library was empty.

Dungeon Overview and Level Annotations

Branches:
Dungeon (6/15)
 Temple: D:4-7

Altars:
Fedhas

Annotations:
D:6 Menkaure


Innate Abilities, Weirdness & Mutations

You cannot wear most types of armour.
You are amphibious.
You can wear up to eight rings at the same time.
Your skin changes colour to match your surroundings (Stealth+).
Your rubbery body absorbs attacks. (AC +1, EV +1)
((You are camouflaged when in or above water. (Stealth+)))
You have tentacles for arms and can constrict up to eight enemies at once.


Message History

The jelly quivers.
You open the door.
There is an open door here.
You open the door.
Found a stone staircase leading down.
There is an open door here.
There is a stone staircase leading down here.
You climb downwards.
Level annotation: Menkaure The white imp shouts, "Scamper hence, thou paunchy limp-willed fustilarian!"
The white imp gestures at you. The puff of frost hits you.
Found a book of the Sky.
There is a stone staircase leading up here.
There are no items here.
The white imp closely misses you.
You slash the white imp! You grab the white imp.
The white imp is severely wounded.
You constrict the white imp. The white imp misses you.
You hit the white imp.
You kill the white imp!
There is a stone staircase leading up here.
An iguana comes into view.
The iguana hisses angrily.
The iguana hisses menacingly.
The iguana bites you.
You see here a book of the Sky.
The iguana attacks as you move away! The iguana barely misses you.
The iguana attacks as you move away! The iguana closely misses you.
You hit the iguana but do no damage. Your grab misses the iguana.
The iguana bites you!
Ouch! That really hurt!
* * * LOW HITPOINT WARNING * * *
The iguana closely misses you.
You barely miss the iguana. Your grab misses the iguana.
You squeeze the iguana.
The iguana is lightly wounded.
The iguana bites you!
Ouch! That really hurt!
You die...

### ..# #.#
#.# #.# #.#
#. #.#
..##@#
#.##l#
#.##O#
##.##.#
##...#.#
.####......#
........:..#
####.....##
##...##


You could see an ogre and an iguana.

Vanquished Creatures
  A hound (D:6)
  An adder (D:5)
  A white imp (D:6)
3 creatures vanquished.

Notes
Turn   | Place    | Note
-------+----------+-------------------------------------------
     0 | D:5      | Esekla the Octopode Delver began the quest for the Orb.
     0 | D:5      | Reached XP level 1. HP: 16/16 MP: 1/1
   184 | D:6      | Noticed an ice beast
   262 | D:6      | Noticed a hound
   274 | D:6      | Killed a hound
   275 | D:6      | Reached skill level 7 in Stealth
   275 | D:6      | Reached XP level 2. HP: 21/21 MP: 2/2
   275 | D:6      | Reached XP level 3. HP: 26/26 MP: 3/3
   280 | D:6      | Noticed an orc warrior
   300 | D:6      | Noticed Menkaure
   317 | D:6      | Noticed an ogre
   366 | D:6      | Found a blossoming altar of Fedhas.
   395 | D:5      | Noticed an ogre
   529 | D:6      | Mangled by an iguana

Illustrated notes

Levels and vault maps discovered:
D:5:      layout_gridville, lemuel_doored_altar
D:6:      layout_loops_ring, mainiacjoe_overflow_tiny_flanked,
          minmay_temple_entry_junction_2, minmay_fractal_squares_gapless_5,
          uniq_duvessa, uniq_menkaure

Skill      XL: |  1 |
---------------+----+-----
Stealth        | 7 |  7.8
Fighting       | |  3.2
Long Blades    | |  2.1
Dodging        | |  2.1

Action                     || total
---------------------------++-------
  Melee: Falchion          ||    10
         Tentacles         ||     4
         Constrict         ||     3
    Use: Scroll            ||     1
         Potion            ||     1
  Dodge: Dodged            ||    11

Table legend: (Time is in decaauts)
 A = Elapsed time spent in this place.
 B = Non-inter-level travel time spent in this place.
 C = Inter-level travel time spent in this place.
 D = Time resting spent in this place.
 E = Time spent auto-exploring this place.
 F = Levels seen in this place.
 G = Mean time per level.
                   A        B        C        D        E       F      G
               +--------+--------+--------+--------+--------+-----+--------+
         Total |    515 |    515 |      0 |     15 |      0 |   2 |  257.5 |
       Dungeon |    515 |    515 |      0 |     15 |      0 |   2 |  257.5 |
               +--------+--------+--------+--------+--------+-----+--------+

Top non-repeatable levels by time:
     D:5: 281 daAuts
     D:6: 234 daAuts
